 Dungeon Crawl Stone Soup version 0.20.1-1-g8b1a95d66d (webtiles) character file.

272 NullDivider the Caller (level 6, -5/41 HPs)
             Began as a Merfolk Summoner on Dec 12, 2017.
             Slain by Blork the orc
             ... wielding a +0 battleaxe
              (11 damage)
             ... on level 4 of the Dungeon.
             The game lasted 00:33:27 (4058 turns).

NullDivider the Caller (Merfolk Summoner)           Turns: 4058, Time: 00:33:27

Health: -5/41      AC:  5    Str:  8    XL:     6   Next: 23%
Magic:  1/10       EV: 14    Int: 16    God:
Gold:   107        SH:  0    Dex: 15    Spells: 10/11 levels left

rFire    . . .     SeeInvis .   u - +0 trident
rCold    . . .     Gourm    .   (no shield)
rNeg     . . .     Faith    .   t - +1 leather armour {MR+}
rPois    .         Spirit   .   (no helmet)
rElec    .         Reflect  .   (no cloak)
rCorr    .         Harm     .   q - +0 pair of gloves (curse)
MR       +....                  (no boots)
Stlth    ++........             (no amulet)
Regen    0.2/turn               (no ring)
MPRegen  0.2/turn               (no ring)

@: hasted, very quick
A: change form in water, swift swim, stealthy swim
a: no special abilities


You were on level 4 of the Dungeon.
You were not hungry.

You visited 1 branch of the dungeon, and saw 4 of its levels.

You collected 107 gold pieces.

Inventory:

Hand Weapons
 g - a +1 dagger of electrocution
 u - a +0 trident (weapon)
Armour
 a - a +0 robe
 q - a cursed +0 pair of gloves (worn)
 t - a +1 leather armour of magic resistance (worn)
Scrolls
 d - 6 scrolls of remove curse
 e - 2 scrolls of blinking {unknown}
 f - a scroll of teleportation {unknown}
 k - 6 scrolls of identify
 o - a scroll of amnesia {unknown}
 p - a scroll of enchant weapon {unknown}
 r - 3 scrolls of recharging {unknown}
 v - a scroll of enchant armour {unknown}
Potions
 h - 3 potions of lignification {unknown}
 j - a potion of haste
 s - a potion of brilliance {unknown}
Books
 b - a book of Callings

   Spells                             Type                      Level
   a - Summon Small Mammal            Summoning                    1
   b - Call Imp                       Summoning                    2
   c - Call Canine Familiar           Summoning                    3
   d - Summon Guardian Golem          Hexes/Summoning              3
   e - Summon Lightning Spire         Summoning/Air                4
   f - Summon Ice Beast               Ice/Summoning                4
Comestibles
 c - 4 bread rations
 l - 3 fruits
 m - 2 meat rations
 n - 2 royal jellies


   Skills:
 - Level 2.6 Short Blades
 + Level 0.4 Polearms
 + Level 4.6 Dodging
 + Level 3.7 Stealth
 + Level 3.0 Spellcasting
 + Level 4.9 Summonings


You had 10 spell levels left.
You knew the following spells:

 Your Spells              Type           Power        Failure   Level  Hunger
a - Summon Small Mammal   Summ           ###.         3%          1    #......


Dungeon Overview and Level Annotations

Branches:
Dungeon (4/15)
 Temple: D:4-7

Altars:
Cheibriados
Fedhas
Sif Muna

Annotations:
D:4 Blork the orc


Message History

Your rat's corpse disappears in a puff of smoke!
Blork the orc shouts!
Casting: Summon Small Mammal
Confirm with . or Enter, or press ? or * to list all spells.
Your quokka barely misses Blork the orc.
You swap places.
Blork the orc hits your quokka with a battleaxe!
Your quokka dies!
Your quokka's corpse disappears in a puff of smoke!
Blork the orc hits your rat with a battleaxe.
Your rat dies!
Your rat's corpse disappears in a puff of smoke!
Casting: Summon Small Mammal
Confirm with . or Enter, or press ? or * to list all spells.
Blork the orc closely misses you.
Blork the orc barely misses your quokka.
Your quokka misses Blork the orc.
You feel yourself speed up.
Blork the orc hits you with a battleaxe!
You die...

#.......#.....'........'.>......
#.......#.....##########........
#.......#.....#.................
........#######.................
................................
........................####+###
........................#
........................#
#.............r@........#
#.......#+#####o........#
#O.....!# #r........# .......
#.........# ...S.. #.....$...#
... #.........# #.[.......#
+.........# #.....<.....


You could see Blork the orc, a friendly quokka and a friendly rat.

Vanquished Creatures
  A crimson imp (D:2)
  A worker ant (D:4)
  An adder (D:2)
  An ooze (D:3)
  5 dart slugs
  2 leopard geckos
  4 orcs (D:3)
  4 bats
  2 giant cockroaches
  3 goblins
  5 jackals
  2 quokkas (D:2)
  2 ball pythons (D:3)
  3 frilled lizards
  3 kobolds (D:1)
  6 rats
45 creatures vanquished.

Vanquished Creatures (collateral kills)
  The ghost of Velyks the Skirmisher, an amateur MiFi of Okawaru (D:3)
  An adder (D:2)
  A worm (D:3)
  2 dart slugs
  A leopard gecko (D:3)
  4 orcs
  2 ball pythons
  3 bats
  3 giant cockroaches
  3 hobgoblins
  3 jackals (D:3)
  3 frilled lizards
  2 goblins (D:2)
  4 kobolds
  2 rats (D:1)
35 creatures vanquished.

Vanquished Creatures (others)
  Jessica (D:2)
1 creature vanquished.

Grand Total: 81 creatures vanquished

Notes
Turn   | Place    | Note
-------+----------+-------------------------------------------
     0 | D:1      | NullDivider the Merfolk Summoner began the quest for the Orb.
     0 | D:1      | Reached XP level 1. HP: 13/13 MP: 3/3
   468 | D:1      | Reached XP level 2. HP: 11/19 MP: 3/5
  1598 | D:2      | Reached XP level 3. HP: 22/24 MP: 6/6
  1618 | D:2      | Noticed Jessica
  1629 | D:2      | Killed Jessica
  1629 | D:2      | Reached skill level 1 in Short Blades
  1999 | D:2      | Found a blossoming altar of Fedhas.
  2031 | D:2      | Found a snail-covered altar of Cheibriados.
  2324 | D:2      | Reached XP level 4. HP: 14/30 MP: 0/7
  3010 | D:3      | Reached XP level 5. HP: 35/35 MP: 8/8
  3215 | D:3      | Noticed Velyks's ghost (amateur MiFi)
  3237 | D:3      | Killed Velyks's ghost
  3237 | D:3      | Reached XP level 6. HP: 22/41 MP: 1/10
  3517 | D:3      | Found a deep blue altar of Sif Muna.
  3941 | D:4      | Noticed Blork the orc
  4058 | D:4      | Slain by Blork the orc

Skill      XL: |  1  2  3  4  5  6 |
---------------+-------------------+-----
Dodging        | 3 4 |  4.6
Short Blades   | 1 2 |  2.6
Stealth        | 3 |  3.7
Spellcasting   | 3 |  3.0
Polearms       | |  0.4
Summonings     | |  4.9

Action                   |  1- 3 |  4- 6 || total
-------------------------+-------+-------++-------
Melee: Unarmed           |    51 |       ||    51
       Short sword       |    27 |       ||    27
       Dagger            |    43 |    51 ||    94
       Trident           |       |     9 ||     9
 Cast: Summon Small Mamm |    64 |    61 ||   125
  Use: Scroll            |       |     1 ||     1
       Potion            |       |     1 ||     1
 Stab: Sleeping          |     4 |     5 ||     9
       Distracted        |       |     3 ||     3
  Eat: Chunk             |     5 |     6 ||    11
Armor: Robe              |    30 |     5 ||    35
       Leather armour    |       |     7 ||     7
Dodge: Dodged            |   102 |    61 ||   163
